 Dungeon Crawl Stone Soup version 0.17-a0-1176-g3d5a0d0 (webtiles) character file.

44 Gorice the Twirler (level 3, 0/20 HPs)
             Began as a Kobold Wanderer on May 30, 2015.
             Slain by a worm (12 damage)
             ... on level 2 of the Dungeon.
             The game lasted 00:04:26 (880 turns).

Gorice the Twirler (Kobold Wanderer)                 Turns: 880, Time: 00:04:26

Health: 0/20       AC:  3    Str: 10    XL:     3   Next: 87%
Magic:  3/3        EV: 14    Int:  9    God:
Gold:   1          SH:  0    Dex: 17    Spells: 0 memorised, 2 levels left

rFire  . . .     SeeInvis .     a - +1 quarterstaff
rCold  . . .     Clarity  .     e - +0 robe
rNeg   . . .     SustAt   .     (shield restricted)
rPois  .         Gourm    .     (no helmet)
rElec  .         Spirit   .     (no cloak)
rCorr  .         Warding  .     o - +0 pair of gloves
rMut   .         Stasis   .     (no boots)
MR     .....                    (no amulet)
Stlth  ++........               (no ring)
                                (no ring)

@: not resistant to hostile enchantments, unstealthy
A: carnivore 3
a: no special abilities


You were on level 2 of the Dungeon.
You were completely stuffed.

You visited 1 branch of the dungeon, and saw 2 of its levels.

You collected 1 gold pieces.

Inventory:

Hand weapons
 a - a +1 quarterstaff (weapon)
 b - a +2 blowgun
 c - a +0 falchion
 n - a +0 dagger
Missiles
 d - 2 curare-tipped needles
 Z - 88 stones (quivered)
Armour
 e - a +0 robe (worn)
 o - a +0 pair of gloves (worn)
Scrolls
 j - a scroll of remove curse
Potions
 g - 2 potions of mutation {unknown}
 i - a potion of heal wounds {unknown}
 k - a potion of flight {unknown}
Comestibles
 f - a meat ration {!e}
 h - 5 chunks of flesh


   Skills:
 - Level 1.1 Fighting
   Level 1.7 Axes
 * Level 3.5 Staves
 - Level 1.3 Throwing
 - Level 1.0 Armour
 - Level 1.2 Dodging
 - Level 1.3 Stealth
   Level 1.2 Evocations


You had 2 spell levels left.
You didn't know any spells.

Dungeon Overview and Level Annotations

Branches:
Dungeon (2/15)

Altars:


Innate Abilities, Weirdness & Mutations

You are small and have problems with some larger weapons.
You are carnivorous and can eat meat at any time.


Message History

The ooze misses you.
You sock the ooze!
You kill the ooze!
Z - 50 stones (gained 26)
A giant gecko comes into view.
Found a stone staircase leading down.
Found a stone staircase leading up.
The giant gecko bites you but does no damage.
You sock the giant gecko!
You kill the giant gecko!
Found a scroll of remove curse.
Z - 59 stones (gained 9)
There is a stone staircase leading up here.
You climb upwards.
A rat comes into view.
There is a stone staircase leading down here.
The rat bites you but does no damage.
You hit the rat.
You kill the rat!
There is a stone staircase leading down here.
You climb downwards.
There is a stone staircase leading up here.
Found 29 stones.
A worm comes into view.
j - a scroll of remove curse
Found 7 tomahawks.
You see here 29 stones.
Z - 88 stones (gained 29)
You hit the worm.
The worm is moderately wounded.
You barely miss the worm.
The worm is moderately wounded.
The worm bites you!
Damage: 7 (max 7)
You hit the worm.
The worm is moderately wounded.
The worm barely misses you.
You hit the worm.
The worm is heavily wounded.
The worm closely misses you.
You hit the worm but do no damage.
The worm is moderately wounded.
The worm closely misses you.
You hit the worm.
The worm is moderately wounded.
You sock the worm!
The worm is heavily wounded.
The worm bites you!
Ouch! That really hurt!
You die...

....# # ##..# .#
....##########.#####
..#...............<#
..#.#<.......#.###.#
.............#.## .#
.##.#...#....#..##.##
.....>.......#......#
....#........>..@...#
.<#.#...........w...#
..#......###.#...#..#
........## #.#.#.#..#
..#..##.# #.#.#.#..#
.รท..>.....
#........# ..#..#..##
#####.########
.....#.#. #........(.
..#...#
...............


You could see a worm.

Vanquished Creatures
  A gnoll (D:1)
  An ooze (D:2)
  A worm (D:2)
  A ball python (D:1)
  2 bats (D:1)
  2 giant cockroaches (D:1)
  4 hobgoblins (D:1)
  2 giant geckos (D:2)
  7 goblins (D:1)
  A kobold (D:1)
  5 rats (D:1)
27 creatures vanquished.

Notes
Turn   | Place    | Note
--------------------------------------------------------------
     0 | D:1      | Gorice the Kobold Wanderer began the quest for the Orb.
     0 | D:1      | Gorice set off with: 2 curare-tipped needles, a +2 blowgun, a +0 falchion, a +0 quarterstaff, a +0 robe, a meat ration {!e}
     0 | D:1      | Reached XP level 1. HP: 12/12 MP: 1/1
    35 | D:1      | Reached skill level 2 in Staves
    35 | D:1      | Reached XP level 2. HP: 16/16 MP: 2/2
   183 | D:1      | Reached XP level 3. HP: 17/20 MP: 3/3
   192 | D:1      | Reached skill level 3 in Staves
   332 | D:1      | HP: 6/20 [hobgoblin/club (3)]
   408 | D:1      | HP: 6/20 [goblin/club (1)]
   417 | D:1      | HP: 6/20 [giant cockroach (1)]
   880 | D:2      | Slain by a worm

Vault maps used:
D:1:      minmay_arrival_loop
D:2:      grunt_decor_cap, uniq_natasha

Action                   || total
-------------------------++-------
Melee: Quarterstaff      ||    72
 Fire: Blowgun           ||     1
Throw: Stone             ||     5
  Use: Scroll            ||     4
 Stab: Sleeping          ||     5
  Eat: Chunk             ||     8

Table legend:
 A = Turns spent in this place as a percentage of turns spent in the entire game.
 B = Non-inter-level travel turns spent in this place as a percentage of non-inter-level travel turns spent in the entire game.
 C = Inter-level travel turns spent in this place as a percentage of turns spent in this place.
 D = Turns resting spent in this place as a percentage of non-inter-level travel turns spent in this place.
 E = Turns spent auto-exploring this place as a percentage of non-inter-level travel turns spent in this place.
 F = Non-inter-level travel turns spent in this place divided by the number of levels of this place that you've seen.
                   A       B       C       D       E      F
               +-------+-------+-------+-------+-------+----------------------
         Total | 100.0 | 100.0 |   0.2 |   1.7 |   3.8 | 208.5
       Dungeon | 100.0 | 100.0 |   0.2 |   1.7 |   3.8 | 208.5
               +-------+-------+-------+-------+-------+----------------------

Vault maps used:
D:1:      minmay_arrival_loop
D:2:      grunt_decor_cap, uniq_natasha
